 Dungeon Crawl Stone Soup version 0.21.1-1-g345015f (webtiles) character file.

350 Monsterracer the Vexing (level 6, -1/47 HPs)
             Began as a Gnoll Arcane Marksman on Feb 14, 2018.
             Was a Follower of Nemelex Xobeh.
             Slain by Grinder (3 damage)
             ... while paralysed by Grinder
             ... on level 2 of the Dungeon.
             The game lasted 00:04:46 (4414 turns).

Monsterracer the Vexing (Gnoll Arcane Marksman)     Turns: 4414, Time: 00:04:47

Health: -1/47      AC:  2    Str: 14    XL:     6   Next: 61%
Magic:  11/11      EV:  2    Int: 16    God:    Nemelex Xobeh [*.....]
Gold:   101        SH:  0    Dex: 15    Spells: 7/11 levels left

rFire    + . .     SeeInvis .   d - +0 rapier
rCold    . . .     Gourm    .   o - +0 buckler
rNeg     . . .     Faith    .   a - +0 robe
rPois    +         Spirit   .   (no helmet)
rElec    .         Reflect  .   (no cloak)
rCorr    .         Harm     .   (no gloves)
MR       .....                  (no boots)
Stlth    ++........             (no amulet)
HPRegen  0.15/turn              n - ring of poison resistance {!d}
MPRegen  0.12/turn              p - ring of protection from fire {!d}

@: paralysed, flying
A: distributed training, fangs 1, strong nose
a: Renounce Religion


You were on level 2 of the Dungeon.
You worshipped Nemelex Xobeh.
Nemelex Xobeh was aware of your devotion.
You were not hungry.

You visited 1 branch of the dungeon, and saw 3 of its levels.

You collected 101 gold pieces.

Inventory:

Hand Weapons
 d - a +0 rapier (weapon)
Missiles
 f - 4 javelins (quivered)
Armour
 a - a +0 robe (worn)
 o - a +0 buckler (worn)
Jewellery
 n - a ring of poison resistance (left hand) {!d}
 p - a ring of protection from fire (right hand) {!d}
Scrolls
 b - a scroll of magic mapping {unknown}
 h - 2 scrolls of remove curse {unknown}
 i - 3 scrolls of identify {unknown}
 k - 2 scrolls of enchant weapon {unknown}
 l - 3 scrolls of teleportation {unknown}
 q - a scroll of enchant armour {unknown}
 s - a scroll of noise {unknown}
Potions
 e - a potion of berserk rage {unknown}
 g - a potion of curing
 m - a potion of degeneration {unknown}
Miscellaneous
 t - an ornate deck of destruction
 u - an ornate deck of summoning
Comestibles
 c - 4 rations


   Skills:
 + Level 3.2 Fighting
 + Level 2.0 Short Blades
 + Level 2.0 Long Blades
 + Level 2.0 Axes
 + Level 2.0 Maces & Flails
 + Level 2.0 Polearms
 + Level 2.0 Staves
 + Level 2.0 Slings
 + Level 2.0 Bows
 + Level 2.0 Crossbows
 + Level 5.0 Throwing
 + Level 2.0 Armour
 + Level 5.0 Dodging
 + Level 2.0 Stealth
 + Level 2.0 Shields
 + Level 2.0 Unarmed Combat
 + Level 3.4 Spellcasting
 + Level 1.5 Conjurations
 + Level 5.6 Hexes
 + Level 1.5 Charms
 + Level 1.5 Summonings
 + Level 1.5 Necromancy
 + Level 1.5 Translocations
 + Level 1.5 Transmutations
 + Level 1.5 Fire Magic
 + Level 1.5 Ice Magic
 + Level 1.5 Air Magic
 + Level 1.5 Earth Magic
 + Level 1.5 Poison Magic
 + Level 2.2 Invocations
 + Level 2.0 Evocations


You had 7 spell levels left.
You knew the following spells:

 Your Spells              Type           Power        Failure   Level  Hunger
a - Corona                Hex            ###....      2%          1    None
c - Portal Projectile     Hex/Tloc       ##....       16%         3    ###....


Dungeon Overview and Level Annotations

Branches:
Dungeon (3/15)

Altars:
Cheibriados
Nemelex Xobeh
Vehumet

Annotations:
D:2 Grinder


Innate Abilities, Weirdness & Mutations

Your experience applies equally to all skills.
You have very sharp teeth.
Your uncanny sense of smell can sniff out nearby items.


Message History

You take 1 damage, and have 39/47 hp.
You hit the adder.
The adder is heavily wounded.
You feel sick. The adder barely misses you. The adder closely misses you.
You take 1 damage, and have 38/47 hp.
You closely miss the adder. Your bite misses the adder.
The adder is heavily wounded.
The adder barely misses you.
You hit the adder.
You kill the adder!
You feel sick.
You take 1 damage, and have 37/47 hp.
No target in view!
No target in view!
Eating one of 2 chunks of flesh.
You eat one of the 2 chunks of flesh.
This raw flesh tastes terrible.
You feel sick.
You feel sick.
You feel sick.
You feel sick.
You feel sick.
You are no longer poisoned.
All of the chunks of flesh in your inventory have rotted away.
You see here an adder corpse.
You enter a teleport trap!
The teleport trap disappears.
Your surroundings suddenly seem different.
Grinder and a skeleton come into view.
Grinder gestures at you. Pain shoots through your body!
Found 11 arrows and 2 rations.
There are monsters nearby!
You regained 9 hp, and now have 46/47 hp.
There are monsters nearby!
Grinder gestures at you. Pain shoots through your body!
You take 14 damage, and have 32/47 hp.
MASSIVE DAMAGE!!
The leopard gecko skeleton closely misses you.
The leopard gecko skeleton barely misses you.
Grinder says, "FISH!"
Grinder gestures at you. Pain shoots through your body!
You take 7 damage, and have 26/47 hp.
You open the door.
Grinder says, "Tell me all your secrets, or I'll kill you."
Grinder blinks!
There is an open door here.
There is a stone staircase leading up here.
The leopard gecko skeleton closely misses you.
You climb upwards.
There is a stone staircase leading down here.
You start resting.
HP restored.
Health restored: 47 You climb downwards.
Level annotation: Grinder The leopard gecko skeleton closely misses you. x2
There is a stone staircase leading up here.
You closely miss the leopard gecko skeleton.
Grinder gestures at you. You resist with significant effort.
The leopard gecko skeleton bites you.
You take 2 damage, and have 45/47 hp.
You barely miss the leopard gecko skeleton.
You block the leopard gecko skeleton's attack.
The leopard gecko skeleton bites you but does no damage.
Grinder hits you but does no damage.
You climb upwards.
There is a stone staircase leading down here.
You closely miss Grinder. Your bite misses Grinder. Grinder hits you!
You writhe in agony.
You take 10 damage, and have 36/47 hp.
MASSIVE DAMAGE!!
You closely miss Grinder. Grinder closely misses you.
You barely miss Grinder. You block Grinder's attack.
You closely miss Grinder. Grinder misses you.
You barely miss Grinder. Grinder misses you. Grinder hits you.
You writhe in agony.
You take 9 damage, and have 27/47 hp.
You closely miss Grinder. Grinder barely misses you.
You barely miss Grinder. Your bite misses Grinder. Grinder hits you.
You writhe in agony.
* * * LOW HITPOINT WARNING * * *
You take 4 damage, and have 23/47 hp.
You hit Grinder but do no damage. Your bite misses Grinder. Grinder hits you!
* * * LOW HITPOINT WARNING * * *
You writhe in agony.
* * * LOW HITPOINT WARNING * * *
You take 11 damage, and have 12/47 hp.
MASSIVE DAMAGE!!
You barely miss Grinder. Grinder gestures at you.
Pain shoots through your body!
* * * LOW HITPOINT WARNING * * *
You take 4 damage, and have 8/47 hp.
It was a potion of flight.
You feel very buoyant.
You fly up into the air.
Grinder gestures at you.
You suddenly lose the ability to move!
Grinder hits you!
* * * LOW HITPOINT WARNING * * *
Grinder hits you.
You die...
Your body disappears without a glow.

#######..##.##.# #...........#
.............#.# #.####.####.#
.###.........#.#####.# #.# #.#
.###...........#.....####.# #.##
.............)............# #...
.............###.###.####.####..#
.#...........# #.##...#.........#
.##......(...# #..).#.....####...
.##..........# #@##...#...# #..#
...........#.# #5###.###..# #...
..#.######.#.# #.###.# #..# ##.#
..#.# #.#.# #.....# #.## #.#
....######.#.# #.###.# #.# #.#
...........#.###.##..# #.######.#
#.#.######.....#.##.####........#
..#.# #.....#.)._..##.########
..#.# #........#.#............


You could see Grinder.

Vanquished Creatures
  Sigmund (D:3)
  An orc priest (D:2)
  2 orc wizards (D:3)
  5 adders
  An ooze (D:1)
  A worm (D:2)
  A dart slug (D:2)
  3 leopard geckos (D:2)
  2 orcs (D:3)
  2 giant cockroaches
  6 goblins
  11 hobgoblins
  3 jackals (D:1)
  3 ball pythons
  3 bats
  5 kobolds
  9 rats
59 creatures vanquished.

Notes
Turn   | Place    | Note
-------+----------+-------------------------------------------
     0 | D:1      | Monsterracer the Gnoll Arcane Marksman began the quest for the Orb.
     0 | D:1      | Reached XP level 1. HP: 17/17 MP: 4/4
   121 | D:1      | HP: 7/17 [ooze (3)]
   124 | D:1      | Reached XP level 2. HP: 5/23 MP: 5/5
   494 | D:1      | HP: 11/23 [goblin/dagger (1)]
  1020 | D:1      | HP: 11/23 [rat (2)]
  1530 | D:1      | Found a snail-covered altar of Cheibriados.
  1619 | D:1      | Reached XP level 3. HP: 28/28 MP: 7/7
  1638 | D:1      | Learned a level 3 spell: Portal Projectile
  1797 | D:2      | HP: 14/28 [goblin/club (2)]
  1802 | D:2      | HP: 7/28 [poisoned by an adder]
  1808 | D:2      | Reached skill level 1 in Invocations
  2026 | D:2      | Reached skill level 1 in Short Blades
  2026 | D:2      | Reached skill level 1 in Long Blades
  2026 | D:2      | Reached skill level 1 in Axes
  2026 | D:2      | Reached skill level 1 in Maces & Flails
  2026 | D:2      | Reached skill level 1 in Polearms
  2026 | D:2      | Reached skill level 1 in Staves
  2026 | D:2      | Reached skill level 1 in Slings
  2026 | D:2      | Reached skill level 1 in Bows
  2026 | D:2      | Reached skill level 1 in Crossbows
  2026 | D:2      | Reached skill level 1 in Armour
  2026 | D:2      | Reached skill level 1 in Stealth
  2026 | D:2      | Reached skill level 1 in Shields
  2026 | D:2      | Reached skill level 1 in Unarmed Combat
  2026 | D:2      | Reached skill level 1 in Evocations
  2037 | D:2      | HP: 12/28 [hobgoblin (3)]
  2312 | D:2      | Reached XP level 4. HP: 34/34 MP: 8/8
  2335 | D:2      | HP: 17/34 [worm (5)]
  2342 | D:2      | HP: 9/34 [worm (3)]
  3096 | D:2      | Found a radiant altar of Vehumet.
  3377 | D:3      | Reached skill level 1 in Conjurations
  3377 | D:3      | Reached skill level 1 in Charms
  3377 | D:3      | Reached skill level 1 in Summonings
  3377 | D:3      | Reached skill level 1 in Necromancy
  3377 | D:3      | Reached skill level 1 in Translocations
  3377 | D:3      | Reached skill level 1 in Transmutations
  3377 | D:3      | Reached skill level 1 in Fire Magic
  3377 | D:3      | Reached skill level 1 in Ice Magic
  3377 | D:3      | Reached skill level 1 in Air Magic
  3377 | D:3      | Reached skill level 1 in Earth Magic
  3377 | D:3      | Reached skill level 1 in Poison Magic
  3475 | D:3      | Found a faded altar of an unknown god.
  3523 | D:2      | Reached XP level 5. HP: 23/40 MP: 9/9
  3688 | D:3      | HP: 16/40 [orc wizard/dagger (5)]
  3695 | D:3      | HP: 15/41 [hobgoblin (1)]
  3928 | D:3      | Noticed Sigmund
  3947 | D:3      | Killed Sigmund
  3947 | D:3      | Reached skill level 5 in Throwing
  3947 | D:3      | Reached skill level 5 in Dodging
  3947 | D:3      | Reached XP level 6. HP: 32/47 MP: 9/11
  4001 | D:3      | Became a worshipper of Nemelex Xobeh the Trickster
  4001 | D:3      | Received a gift from Nemelex Xobeh
  4001 | D:3      | Reached * piety under Nemelex Xobeh
  4001 | D:3      | Received a gift from Nemelex Xobeh
  4253 | D:3      | Noticed Grinder
  4409 | D:2      | HP: 23/47 [Grinder (3)]
  4411 | D:2      | HP: 8/47 [Grinder/nerve-wracking pain (4)]
  4412 | D:2      | Paralysed by Grinder for 5 turns
  4413 | D:2      | HP: 1/47 [Grinder (7)]
  4414 | D:2      | Slain by Grinder

Skill      XL: |  1  2  3  4  5 |
---------------+----------------+-----
Invocations    | 1 2 |  2.2
Short Blades   | 1 2 |  2.0
Long Blades    | 1 2 |  2.0
Axes           | 1 2 |  2.0
Maces & Flails | 1 2 |  2.0
Polearms       | 1 2 |  2.0
Staves         | 1 2 |  2.0
Slings         | 1 2 |  2.0
Bows           | 1 2 |  2.0
Crossbows      | 1 2 |  2.0
Armour         | 1 2 |  2.0
Stealth        | 1 2 |  2.0
Shields        | 1 2 |  2.0
Unarmed Combat | 1 2 |  2.0
Evocations     | 1 2 |  2.0
Spellcasting   | 3 |  3.4
Conjurations   | 1 |  1.5
Charms         | 1 |  1.5
Summonings     | 1 |  1.5
Necromancy     | 1 |  1.5
Translocations | 1 |  1.5
Transmutations | 1 |  1.5
Fire Magic     | 1 |  1.5
Ice Magic      | 1 |  1.5
Air Magic      | 1 |  1.5
Earth Magic    | 1 |  1.5
Poison Magic   | 1 |  1.5
Fighting       | 3 |  3.2
Throwing       | 5 |  5.0
Dodging        | 5 |  5.0
Hexes          | |  5.6

Action                   |  1- 3 |  4- 6 || total
-------------------------+-------+-------++-------
Melee: Unarmed           |    49 |       ||    49
       Bite              |    15 |    14 ||    29
       Dagger            |   111 |    62 ||   173
       Short sword       |       |    16 ||    16
       Rapier            |       |    80 ||    80
Throw: Throwing net      |     2 |       ||     2
       Javelin           |     7 |    13 ||    20
  Use: Potion            |     1 |     1 ||     2
 Stab: Sleeping          |     3 |     1 ||     4
       Held in net/web   |     2 |       ||     2
  Eat: Chunk             |     4 |     7 ||    11
Armor: Robe              |    34 |    12 ||    46
Dodge: Dodged            |   116 |    92 ||   208
Block: Buckler           |       |    23 ||    23

Vault maps used:
D:1:      onia_arrival_handbag, cheibriados_altar_1
D:2:      lemuel_crystal_altar
D:3:      okawaru_ov_weapons_minmay, chequers_ecumenical_altar_simple_redux,
          uniq_jessica, uniq_grinder, uniq_ijyb, uniq_sigmund,
          uniq_crazy_yiuf_cottage
